 Dungeon Crawl Stone Soup version 0.31-a0-986-g5e6e4ef867 (webtiles) character file.

Game seed: 9445278486047570596

76 LeprechaunX the Changeling (level 4, -1/29 HPs)
             Began as an Octopode Shapeshifter on Nov 10, 2023.
             Splashed by a jelly's acid (4 damage)
             ... on level 2 of the Dungeon.
             The game lasted 00:02:14 (1344 turns).

LeprechaunX the Changeling (Octopode Shapeshifter)  Turns: 1344, Time: 00:02:15

Health: -1/29      AC: -3    Str: 13    XL:     4   Next: 32%
Magic:  4/4        EV: 13    Int: 12    God:
Gold:   116        SH:  0    Dex: 13    Spells: 3/3 levels left

rFire   . .          .
                       - Unarmed
rCold   . . .        (no shield)
rNeg    + . .        (helmet currently unavailable)
rPois   +            (no amulet)
rElec   .            g - ring of poison resistance
rCorr   .            h - ring of positive energy
SInv    .            (no ring)
Will    .....        (no ring)
Stlth   ++           (no ring)
HPRegen 0.24/turn    (no ring)
MPRegen 0.09/turn    (no ring)
                     (no ring)

%: no passive effects
@: beast-form, corroded
A: beast (slay +2), almost no armour, amphibious, 8 rings, camouflage 1,
gelatinous body 1, (nimble swimmer 1), tentacles
a: Begin Untransformation


You were on level 2 of the Dungeon.
You were a hulking beast.
You visited 1 branch of the dungeon, and saw 4 of its levels.

You collected 116 gold pieces.

Inventory:

Hand Weapons
 a - a +0 heavy sling
Armour
 i - a +0 hat
Jewellery
 g - a ring of poison resistance (left tentacle)
 h - a ring of positive energy (right tentacle)
Talismans
 b - a beast talisman
 c - a flux talisman
Scrolls
 d - 2 scrolls of fog {unknown}
 e - 2 scrolls of teleportation {unknown}
 f - 5 scrolls of identify {unknown}
 k - a scroll of vulnerability {unknown}
 l - a scroll of enchant weapon {unknown}
 m - a scroll of poison {unknown}
 n - a scroll of blinking {unknown}
 q - a scroll of revelation {unknown}
Potions
 j - a potion of lignification
 o - a potion of curing {unknown}
 p - a potion of heal wounds {unknown}


   Skills:
 + Level 2.1 Fighting
 - Level 2.0 Dodging
 + Level 3.5 Unarmed Combat
 * Level 4.0 Shapeshifting


You had 3 spell levels left.
You didn't know any spells.
Your spell library was empty.

Dungeon Overview and Level Annotations

Branches:
Dungeon (4/15)
 Temple: D:4-7

Altars:

Annotations:
D:1 2 transporters


Innate Abilities, Weirdness & Mutations

You are a hulking beast.
Your limbs bulge with bestial killing power. (Slay +2)
You cannot wear most types of armour.
You are amphibious.
You can wear up to eight rings at the same time.
Your skin changes colour to match your surroundings (Stealth+).
Your rubbery body absorbs attacks. (AC +1, EV +1)
((You are camouflaged when in or above water. (Stealth+)))
You have tentacles for arms and can constrict up to eight enemies at once.


Message History

A rat is nearby!
A rat is nearby!
A rat is nearby!
The rat completely misses you.
You tentacle-slap the rat.
You kill the rat!
No target in view!
q - a scroll labelled SEUC VENASIN ZEUNI A giant cockroach comes into view.
Found 5 stones.
The giant cockroach moves out of view.
Found 13 gold pieces.
A giant cockroach is nearby!
A giant cockroach is nearby!
A giant cockroach is nearby!
You bludgeon the giant cockroach!
You kill the giant cockroach!
Your Shapeshifting skill increases to level 4!
No target in view!
No target in view!
A jelly comes into view.
Found 15 gold pieces.
You see here 5 stones.
A jelly is nearby!
A jelly is nearby!
A jelly is nearby!
You see here 13 gold pieces.
Found a stone staircase leading up.
The jelly quivers.
You tentacle-slap the jelly.
Your tentacles burn!
The jelly is lightly wounded.
The jelly hits you.
You are splashed with acid!
You tentacle-slap the jelly.
Your tentacles burn!
The jelly is moderately wounded.
The jelly hits you.
You are splashed with acid!
* * * LOW HITPOINT WARNING * * *
You are too injured to fight recklessly!
You are too injured to fight recklessly!
The jelly attacks as it pursues you! The jelly closely misses you.
You tentacle-slap the jelly. The acid corrodes you!
Your tentacles burn!
You die...

##...##...##
##..........##
#............###########
#.......................
#..$.........###########
#........(.##
#####...#..$.##
#......##.####
#..<....Jh.#
#......##....# #......
#..#..... #### ####.##
##.###### ..... #. .# #.
# .. ## #.############ #
.##.........###
............#.<


You could see a jelly.

Vanquished Creatures
  A worm (D:2)
  5 dart slugs
  An orc (D:3)
  3 endoplasms (D:1)
  5 giant cockroaches
  8 goblins
  7 hobgoblins
  3 quokkas
  7 ball pythons
  5 bats
  3 frilled lizards (D:1)
  4 kobolds
  4 rats
56 creatures vanquished.

Notes
Turn   | Place    | Note
-------+----------+-------------------------------------------
     0 | D:1      | LeprechaunX the Octopode Shapeshifter began the quest for
                  | the Orb.
     0 | D:1      | Reached XP level 1. HP: 13/13 MP: 1/1
   154 | D:1      | Reached XP level 2. HP: 18/18 MP: 2/2
   274 | D:1      | Reached XP level 3. HP: 9/23 MP: 3/3
  1004 | D:2      | Reached XP level 4. HP: 28/29 MP: 4/4
  1004 | D:2      | You fall into a shaft and drop 2 floors!
  1332 | D:2      | Reached skill level 4 in Shapeshifting
  1344 | D:2      | Splashed by a jelly's acid

Illustrated notes

Levels and vault maps discovered:
D:1:      spicycebolla_arrival_transporter_tutorial, layout_basic, st_stairs_11
D:2:      layout_rooms, shapermc_ecumenical_altar_hornbeckon
D:3:      layout_rooms, nicolae_overflow_crystal_walls, amcnicky_altar_gilded,
          uniq_sigmund
D:4:      layout_basic, lemuel_mausoleum_altar_yredelemnul, dreamdust_gnoll_farm

Skill      XL: |  1  2  3  4 |
---------------+-------------+-----
Fighting       | 2 |  2.1
Shapeshifting  | 4 |  4.0
Dodging        | |  2.0
Unarmed Combat | |  3.5

Action                     |  1- 3 |  4- 6 || total
---------------------------+-------+-------++-------
  Melee: Unarmed           |    70 |    25 ||    95
         Constrict         |    22 |     7 ||    29
         Tentacles         |    12 |     3 ||    15
         Punch             |       |     1 ||     1
   Stab: Sleeping          |     7 |     1 ||     8
 Armour: Skin              |    31 |     9 ||    40
  Dodge: Dodged            |    39 |    16 ||    55

Table legend: (Time is in decaauts)
 A = Elapsed time spent in this place.
 B = Non-inter-level travel time spent in this place.
 C = Inter-level travel time spent in this place.
 D = Time resting spent in this place.
 E = Time spent auto-exploring this place.
 F = Levels seen in this place.
 G = Mean time per level.
                   A        B        C        D        E       F      G
               +--------+--------+--------+--------+--------+-----+--------+
         Total |   1336 |   1318 |     18 |    100 |    875 |   4 |  334.0 |
       Dungeon |   1336 |   1318 |     18 |    100 |    875 |   4 |  334.0 |
               +--------+--------+--------+--------+--------+-----+--------+

Top non-repeatable levels by time:
     D:1: 851 daAuts
     D:3: 246 daAuts
     D:2: 197 daAuts
     D:4: 40 daAuts
